 Dungeon Crawl Stone Soup version 0.31-a0-459-gc8a9bf3d51 (webtiles) character file.

Game seed: 721260574718579677

2662 Ethylacetat the Martial Artist (level 9, -1/49 HPs)
             Began as a Vine Stalker Monk on Aug 4, 2023.
             Slain by a hornet (7 damage)
             ... on level 7 of the Dungeon.
             The game lasted 00:07:46 (4578 turns).

Ethylacetat the Martial Artist (Vine Stalker Monk)  Turns: 4578, Time: 00:07:47

Health: -1/49      AC:  4    Str: 15    XL:     9   Next: 63%
Magic:  0/19       EV: 13    Int: 10    God:
Gold:   336        SH:  5    Dex: 20    Spells: 20/20 levels left

rFire   . .          .
                       - Unarmed
rCold   + . .        c - orb {light}
rNeg    + . .        l - +1 robe {rN+}
rPois   .            (no helmet)
rElec   .            w - +0 cloak
rCorr   .            (no gloves)
SInv    .            (no boots)
Will    +....        n - amulet of reflection
Stlth   +            m - ring of protection from cold
HPRegen 1.08/turn    r - ring of flight
MPRegen 0.16/turn

%: reflection, guardian spirit
@: lethally poisoned (-1 -> -11), flying, slowed, glowing, very slow
A: fangs 3, regeneration 1, magic shield, antimagic bite, no potion heal 2
a: no special abilities


You were on level 7 of the Dungeon.
You visited 1 branch of the dungeon, and saw 7 of its levels.

You collected 336 gold pieces.

Inventory:

Missiles
 o - 6 curare-tipped darts (quivered)
Armour
 c - an orb of light (worn)
 l - a +1 robe of positive energy (worn)
 w - a +0 cloak (worn)
Jewellery
 i - a ring of protection from cold
 m - a ring of protection from cold (left hand)
 n - an amulet of reflection (around neck)
 r - a ring of flight (right hand)
Wands
 p - a wand of polymorph (18)
 v - a wand of flame (19)
Scrolls
 a - a scroll of acquirement {unknown}
 d - a scroll of immolation {unknown}
 e - 2 scrolls of enchant armour {unknown}
 g - 3 scrolls of blinking {unknown}
 j - a scroll of poison {unknown}
 k - 5 scrolls of identify {unknown}
 q - 3 scrolls of vulnerability {unknown}
 x - a scroll of noise {unknown}
 y - a scroll of enchant weapon {unknown}
Potions
 b - 2 potions of ambrosia
 f - 2 potions of degeneration {unknown}
 h - a potion of heal wounds {unknown}
 s - 3 potions of curing {unknown}
 t - 4 potions of haste {unknown}
 u - a potion of berserk rage {unknown}
 z - 3 potions of attraction {unknown}
 A - 2 potions of brilliance {unknown}


   Skills:
 + Level 6.4 Fighting
 - Level 2.5 Dodging
 * Level 9.6 Unarmed Combat
 + Level 6.2 Spellcasting


You had 20 spell levels left.
You didn't know any spells.
Your spell library contained the following spells:

 Spells                   Type           Power      Damage    Failure   Level
 Kiss of Death            Conj/Necr      12%        2d6       21%         1
 Magic Dart               Conj           12%        1d3       21%         1
 Sandblast                Erth           6%         2d5       21%         1
 Call Imp                 Summ           6%         N/A       30%         2
 Passwall                 Tmut/Erth      2%         N/A       30%         2
 Static Discharge         Conj/Air       6%         2-3/arc   30%         2
 Confusing Touch          Hex            3%         N/A       52%         3
 Mephitic Cloud           Conj/Pois/Air  3%         N/A       52%         3
 Stone Arrow              Conj/Erth      6%         3d7       52%         3
 Airstrike                Air            1%         2d(1-17)  90%         4
 Animate Armour           Summ/Erth      6%         N/A       90%         4
 Dispel Undead            Necr           3%         3d7       90%         4
 Summon Lightning Spire   Summ/Air       3%         N/A       90%         4
 Lehudib's Crystal Spear  Conj/Erth      1%         10d2      100%        8


Dungeon Overview and Level Annotations

Branches:
Dungeon (7/15)
 Temple: D:4-7

Altars:
Elyvilon
Makhleb
Ru
Wu Jian

Shops:
D:1 :=


Innate Abilities, Weirdness & Mutations

You have razor-sharp teeth.
Your natural rate of healing is unusually fast.
When hurt, damage is shared between your health and your magic reserves.
Your bite disrupts and absorbs the magic of your enemies.
Potions cannot restore your health.


Message History

You barely miss the hornet.
The hornet is lightly wounded.
You feel yourself speed up. The hornet stings you.
You feel yourself slow down.
You hit the hornet. You bite the hornet. You drain its power.
You feel invigorated.
The hornet is moderately wounded.
The hornet stings you.
You feel as though you will be slow longer.
The hornet barely misses you.
You punch the hornet! You bite the hornet, but do no damage.
The hornet is severely wounded.
The hornet stings you!
You feel as though you will be slow longer.
The hornet closely misses you.
Unknown command.
You punch the hornet!
The hornet is almost dead.
You block the hornet's attack. The hornet barely misses you.
You closely miss the hornet. Your bite misses the hornet.
The hornet is almost dead.
The hornet closely misses you. The hornet stings you!
You suddenly lose the ability to move!
The hornet stings you!
* * * LOW HITPOINT WARNING * * *
You feel as though you will be slow longer.
The hornet stings you.
* * * LOW HITPOINT WARNING * * *
You are poisoned.
You feel as though you will be slow longer.
The hornet stings you but does no damage.
You can move again.
You hit the hornet.
The hornet is almost dead.
You feel very sick. The hornet stings you.
* * * LOW HITPOINT WARNING * * *
You are lethally poisoned!
You shrug off the repeated paralysis!
The hornet stings you!
You die...

!......~. ##### #.#
#.....#~# ......#.#
~~~~~~~~
.......###.....### ...
#............
###..#.#...#...#..
.....#.#..$....#..#
#...#.)..@y....# ##.
#.))).##.##.#.##...
........#..##.##......#
##########)..#.##.#....##
#.#.....)#...............
#...####.)..#.###[(......
#......#.<..#..##.####.##
...............(.#
.........#..#.##.#


You could see a hornet.

Vanquished Creatures
  Prince Ribbit (D:6)
  Edmund (D:4)
  Menkaure (D:6)
  Duvessa (D:4)
  An orc warrior (D:7)
  3 black bears
  2 ogres (D:4)
  An ice beast (D:6)
  A centaur (D:7)
  A phantom (D:4)
  A kobold brigand (D:7)
  A bullfrog (D:7)
  3 scorpions
  Dowan (D:4)
  A vampire bat (D:5)
  2 howler monkeys (D:6)
  A quasit (D:4)
  2 orc priests
  A gnoll bouda (D:6)
  A jelly (D:5)
  2 hounds
  2 sleepcaps
  5 iguanas
  5 orc wizards
  8 gnolls
  6 adders
  3 shadow imps (D:4)
  3 white imps (D:4)
  2 ufetubi
  2 worms
  A dart slug (D:2)
  3 fire bats (D:5)
  14 orcs
  2 spectral bats (D:5)
  3 bat skeletons (D:5)
  A bat zombie (D:5)
  3 endoplasms
  3 giant cockroaches
  10 goblins
  6 hobgoblins
  2 jackals (D:5)
  3 quokkas
  3 ball pythons
  12 bats
  A bat simulacrum (D:5)
  5 frilled lizards
  9 kobolds
  2 rats
148 creatures vanquished.

Notes
Turn   | Place    | Note
-------+----------+-------------------------------------------
     0 | D:1      | Ethylacetat the Vine Stalker Monk began the quest for the
                  | Orb.
     0 | D:1      | Reached XP level 1. HP: 11/11 MP: 2/2
   174 | D:1      | Reached XP level 2. HP: 16/16 MP: 3/3
   240 | D:1      | Found Vuh Zep's Book Emporium.
   359 | D:1      | Found Huymiaso's Jewellery Boutique.
   832 | D:2      | Reached XP level 3. HP: 19/20 MP: 5/5
   865 | D:2      | Reached skill level 1 in Spellcasting
  1109 | D:2      | Noticed a black bear
  1117 | D:2      | Killed a black bear
  1118 | D:2      | Reached skill level 4 in Unarmed Combat
  1118 | D:2      | Gained mutation: Your natural rate of healing is unusually
                  | fast. [Vine Stalker growth]
  1118 | D:2      | Reached XP level 4. HP: 7/24 MP: 2/7
  1118 | D:2      | Reached XP level 5. HP: 8/28 MP: 2/8
  1971 | D:3      | Reached skill level 5 in Unarmed Combat
  1971 | D:3      | Reached XP level 6. HP: 20/33 MP: 4/10
  2270 | D:4      | Found a white marble altar of Elyvilon.
  2328 | D:4      | Noticed Dowan
  2329 | D:4      | Noticed Duvessa
  2349 | D:4      | Killed Duvessa
  2350 | D:4      | Reached XP level 7. HP: 3/37 MP: 1/12
  2351 | D:4      | Killed Dowan
  2352 | D:4      | Reached skill level 6 in Unarmed Combat
  2447 | D:4      | Noticed Edmund
  2465 | D:4      | Killed Edmund
  2769 | D:4      | Reached skill level 7 in Unarmed Combat
  2769 | D:4      | Gained mutation: You have razor-sharp teeth. [Vine Stalker
                  | growth]
  2769 | D:4      | Reached XP level 8. HP: 39/42 MP: 15/15
  2828 | D:4      | Reached skill level 5 in Fighting
  2837 | D:4      | Found an ornate altar of the Wu Jian Council.
  3106 | D:5      | Entered Level 5 of the Dungeon
  3591 | D:5      | Found a burning altar of Makhleb.
  3709 | D:6      | Noticed Prince Ribbit
  3719 | D:6      | Killed Prince Ribbit
  3720 | D:6      | Reached skill level 8 in Unarmed Combat
  3720 | D:6      | Reached skill level 5 in Spellcasting
  3734 | D:6      | Noticed Menkaure
  3741 | D:6      | Killed Menkaure
  3771 | D:6      | Reached XP level 9. HP: 46/48 MP: 16/18
  3830 | D:6      | Found a sacrificial altar of Ru.
  4065 | D:6      | Reached skill level 9 in Unarmed Combat
  4566 | D:7      | Noticed a hornet
  4575 | D:7      | Paralysed by a hornet for 3 turns
  4578 | D:7      | Slain by a hornet

Illustrated notes

Levels and vault maps discovered:
D:1:      scummos_arrival_simple_fountains, layout_basic, serial_shops,
          nicolae_shop_gaudy_bauble, shop
D:2:      layout_loops_cross
D:3:      layout_basic, hex_medium
D:4:      nicolae_cairo_tiling_large, layout_basic,
          nicolae_elyvilon_peaceful_grove, lemuel_coloured_pillars_altar,
          serial_demonic, serial_demonic_f, serial_demonic_d, serial_demonic_f,
          serial_demonic_b, serial_demonic_b, minmay_misc_feat_diagonals,
          solitary_fountain, uniq_edmund, uniq_duvessa
D:5:      layout_cave_pools, mainiacjoe_overflow_catwalk, goddamned_bats
D:6:      layout_rooms, nicolae_ru_great_annihilating_truth, uniq_menkaure,
          uniq_prince_ribbit1
D:7:      layout_basic, minmay_temple_entry_water_ring,
          minmay_misc_feat_ornament, minmay_shop_chei

Skill      XL: |  1  2  3  4  5  6  7  8  9 |
---------------+----------------------------+-----
Fighting       | 3 4 5 6 |  6.4
Spellcasting   | 1 2 3 4 5 6 |  6.2
Unarmed Combat | 4 5 7 8 9 |  9.6
Dodging        | |  2.5

Action                     |  1- 3 |  4- 6 |  7- 9 || total
---------------------------+-------+-------+-------++-------
  Melee: Unarmed           |    70 |   107 |   266 ||   443
         Bite              |    17 |    44 |   103 ||   164
  Throw: Dart              |       |       |     3 ||     3
   Stab: Sleeping          |     1 |       |       ||     1
 Armour: Robe              |     6 |     8 |    56 ||    70
  Dodge: Dodged            |    43 |    36 |   171 ||   250
  Block: Orb               |     5 |    15 |    64 ||    84
         Reflection        |       |     1 |     5 ||     6

Table legend: (Time is in decaauts)
 A = Elapsed time spent in this place.
 B = Non-inter-level travel time spent in this place.
 C = Inter-level travel time spent in this place.
 D = Time resting spent in this place.
 E = Time spent auto-exploring this place.
 F = Levels seen in this place.
 G = Mean time per level.
                   A        B        C        D        E       F      G
               +--------+--------+--------+--------+--------+-----+--------+
         Total |   4530 |   4290 |    240 |     16 |   3413 |   7 |  647.1 |
       Dungeon |   4530 |   4290 |    240 |     16 |   3413 |   7 |  647.1 |
               +--------+--------+--------+--------+--------+-----+--------+

Top non-repeatable levels by time:
     D:4: 966 daAuts
     D:3: 908 daAuts
     D:2: 714 daAuts
     D:5: 624 daAuts
     D:6: 614 daAuts
     D:1: 572 daAuts
     D:7: 131 daAuts
